 Dungeon Crawl Stone Soup version 0.21-a0-329-g12f17e1 (webtiles) character file.

309 tidbits the Charmwright (level 6, -2/51 HPs)
             Began as a Gnoll Skald on Oct 1, 2017.
             Slain by an ogre
             ... wielding a +0 giant club
              (12 damage)
             ... on level 4 of the Dungeon.
             The game lasted 00:08:59 (1369 turns).

tidbits the Charmwright (Gnoll Skald)               Turns: 1369, Time: 00:09:00

Health: -2/51      AC:  7    Str: 14    XL:     6   Next: 41%
Magic:  9/14       EV: 13    Int: 17    God:
Gold:   167        SH:  0    Dex: 14    Spells: 4/15 levels left

rFire    . . .     SeeInvis .   a - +0 falchion
rCold    . . .     Gourm    .   (no shield)
rNeg     . . .     Faith    .   o - +0 ring mail
rPois    .         Spirit   .   E - +0 helmet
rElec    .         Reflect  .   C - +0 cloak
rCorr    .         Harm     .   (no gloves)
MR       .....                  (no boots)
Stlth    +.........             (no amulet)
HPRegen  0.17/turn              (no ring)
MPRegen  0.14/turn              (no ring)

@: singing (expiring), drained
A: distributed training, fangs 1, strong nose
a: no special abilities


You were on level 4 of the Dungeon.
You were not hungry.

You visited 1 branch of the dungeon, and saw 5 of its levels.

You collected 167 gold pieces.

Inventory:

Hand Weapons
 a - a +0 falchion (weapon)
 A - a +1 dagger of speed
   (You took it off an orc wizard on level 3 of the Dungeon)
Missiles
 h - 24 arrows
 r - 26 stones (quivered)
 w - 5 tomahawks
 y - a throwing net {!f}
Armour
 b - a +0 leather armour
 k - a +0 scale mail
 o - a +0 ring mail (worn)
 C - a +0 cloak (worn)
 E - a +0 helmet (worn)
Jewellery
 m - an uncursed ring of ice
   (You found it on level 1 of the Dungeon)
 p - an uncursed ring of ice
   (You found it on level 2 of the Dungeon)
Scrolls
 i - a scroll of random uselessness {unknown}
 j - a scroll of teleportation {unknown}
 s - a scroll of fear {unknown}
Potions
 e - 3 potions of heal wounds
 f - a potion of haste {unknown}
 l - a potion of ambrosia {unknown}
 q - 2 potions of curing
 t - a potion of resistance {unknown}
 v - a potion of flight {unknown}
 x - a potion of degeneration {unknown}
Books
 c - a book of Battle

   Spells                             Type                      Level
   a - Infusion                       Charms                       1
   b - Shroud of Golubria             Charms/Translocation         2
   c - Song of Slaying                Charms                       2
   d - Spectral Weapon                Hexes/Charms                 3
   e - Regeneration                   Charms/Necromancy            3
Comestibles
 d - 2 bread rations
 g - 2 meat rations
 n - 5 royal jellies
 u - 2 fruits
 z - 3 chunks of flesh


   Skills:
 + Level 5.0(4.8) Fighting
 + Level 1.9(1.8) Short Blades
 + Level 5.0(4.8) Long Blades
 + Level 1.9(1.8) Axes
 + Level 1.9(1.8) Maces & Flails
 + Level 1.9(1.8) Polearms
 + Level 1.9(1.8) Staves
 + Level 1.9(1.8) Slings
 + Level 1.9(1.8) Bows
 + Level 1.9(1.8) Crossbows
 + Level 1.9(1.8) Throwing
 + Level 3.2(3.1) Armour
 + Level 5.0(4.8) Dodging
 + Level 1.9(1.8) Stealth
   Level 0.0 Stabbing
 + Level 1.9(1.8) Shields
   Level 0.0 Traps
 + Level 1.9(1.8) Unarmed Combat
 + Level 5.3(5.2) Spellcasting
 + Level 1.9(1.8) Conjurations
 + Level 1.9(1.8) Hexes
 + Level 6.8(6.7) Charms
 + Level 1.9(1.8) Summonings
 + Level 1.9(1.8) Necromancy
 + Level 1.9(1.8) Translocations
 + Level 1.9(1.8) Transmutations
 + Level 1.9(1.8) Fire Magic
 + Level 1.9(1.8) Ice Magic
 + Level 1.9(1.8) Air Magic
 + Level 1.9(1.8) Earth Magic
 + Level 1.9(1.8) Poison Magic
 + Level 1.9(1.8) Invocations
 + Level 1.9(1.8) Evocations


You had 4 spell levels left.
You knew the following spells:

 Your Spells              Type           Power        Failure   Level  Hunger
g - Shroud of Golubria    Chrm/Tloc      ###.......   7%          2    #......
i - Infusion              Chrm           ####         1%          1    None
r - Regeneration          Chrm/Necr      ###.......   14%         3    ###....
w - Spectral Weapon       Hex/Chrm       ###.....     14%         3    ###....
y - Song of Slaying       Chrm           ####....     2%          2    #......


Dungeon Overview and Level Annotations

Branches:
Dungeon (5/15)
 Temple: D:4-7

Altars:
Dithmenos
Fedhas
Qazlal

Annotations:
D:4 confidenceinterval's ghost, weakling TrFi


Innate Abilities, Weirdness & Mutations

Your experience applies equally to all skills.
You have very sharp teeth.
Your uncanny sense of smell can sniff out nearby items.


Message History

You climb downwards.
Level annotation: confidenceinterval's ghost, weakling TrFi A scorpion, a gnoll and an orc come into view.
The gnoll is wielding a flail of draining.
There is a stone staircase leading up here.
Casting: Spectral Weapon
Confirm with . or Enter, or press ? or * to list all spells.
You start singing a song of slaying.
The orc shouts!
Casting: Song of Slaying
Confirm with . or Enter, or press ? or * to list all spells.
You draw out your weapon's spirit!
The gnoll hits you with a flail of draining!
* * * LOW HITPOINT WARNING * * *
You feel drained.
* * * LOW HITPOINT WARNING * * *
A centaur skeleton comes into view.
Casting: Spectral Weapon
Confirm with . or Enter, or press ? or * to list all spells.
Space distorts slightly along a thin shroud covering your body.
The gnoll barely misses you.
A gnoll comes into view. It is wielding a war axe.
You barely miss the gnoll.
Your spectral weapon hits the gnoll.
Your shroud bends the gnoll's attack away!
You hit the gnoll. Your bite misses the gnoll.
The gnoll is heavily wounded.
Your spectral weapon hits the gnoll.
The orc completely misses your spectral weapon.
The gnoll hits your spectral weapon with a flail of draining!
Your spectral weapon shares its damage with you!
* * * LOW HITPOINT WARNING * * *
A giant cockroach comes into view.
You catch the helpless gnoll completely off-guard!
You slash the gnoll!
You kill the gnoll!
The orc hits your spectral weapon with a hand axe.
Your spectral weapon shares its damage with you!
* * * LOW HITPOINT WARNING * * *
The giant cockroach bites you but does no damage.
You hit the giant cockroach.
The giant cockroach is severely wounded.
Your spectral weapon hits the giant cockroach but does no damage.
The orc barely misses your spectral weapon.
The giant cockroach bites you but does no damage.
The scorpion closely misses you.
You hit the scorpion.
You bite the scorpion, but do no damage.
The scorpion is moderately wounded.
You hear a shout!
Your spectral weapon hits the scorpion but does no damage.
The giant cockroach bites you but does no damage.
The orc barely misses your spectral weapon.
The scorpion stings you but does no damage.
The giant cockroach bites you but does no damage.
You hit the scorpion but do no damage.
The scorpion is moderately wounded.
Your spectral weapon hits the scorpion but does no damage.
The orc hits your spectral weapon with a hand axe.
Your spectral weapon shares its damage with you!
Your spectral weapon fades away.
* * * LOW HITPOINT WARNING * * *
The scorpion barely misses you.
The giant cockroach bites you but does no damage.
An ogre comes into view. It is wielding a giant club.
You hit the scorpion. Your bite misses the scorpion.
The scorpion is heavily wounded.
The scorpion closely misses you.
You hit the scorpion.
The scorpion is severely wounded.
The scorpion completely misses you.
You closely miss the scorpion.
The scorpion is severely wounded.
The scorpion misses you.
You slash the scorpion!
You kill the scorpion!
You hit the orc. You bite the orc.
The orc is almost dead.
The orc hits you but does no damage.
You closely miss the orc.
The orc is almost dead.
The orc hits you but does no damage.
You hit the orc.
You kill the orc!
The giant cockroach bites you but does no damage.
You hit the giant cockroach.
You kill the giant cockroach!
Your base Fighting skill increases to level 5!
Your base Long Blades skill increases to level 5!
Your base Dodging skill increases to level 5!
Your shroud begins to fray at the edges.
A gnoll comes into view. It is wielding a spear.
The gnoll closely misses you.
The gnoll hits you from afar with a spear.
* * * LOW HITPOINT WARNING * * *
Your shroud falls apart!
Okay, then.
You barely miss the ogre.
Your song is almost over.
The ogre hits you with a giant club!
You die...

#.. ..# #.. ..
#.. ###.##
#..## ..
##.....
#####...####
...#......
#......g.g.#
...#......
.###.#.##g#
......_..
#.##O# #......
#.##@# #.....s
∆ #Z##.#
##(.(.. #.##..
#.####.##
#<##.#.
#.(......
#...Z.)....#.#
∆.......###
.#.####......#
######. #
###.#### #.
##. #. #. #.


You could see an ogre and 2 gnolls.

Vanquished Creatures
  A scorpion (D:4)
  A howler monkey (D:4)
  An orc wizard (D:3)
  9 adders
  A gnoll (D:4)
  An adder skeleton (D:3)
  3 dart slugs
  3 leopard geckos
  13 orcs
  8 giant cockroaches
  7 goblins
  10 hobgoblins
  A quokka (D:2)
  7 bats
  4 frilled lizards
  6 kobolds
  6 rats
82 creatures vanquished.

Vanquished Creatures (others)
  A spectral weapon (D:4)
1 creature vanquished.

Grand Total: 83 creatures vanquished

Notes
Turn   | Place    | Note
-------+----------+-------------------------------------------
     0 | D:1      | tidbits the Gnoll Skald began the quest for the Orb.
     0 | D:1      | Reached XP level 1. HP: 20/20 MP: 6/6
    46 | D:1      | Reached XP level 2. HP: 23/26 MP: 3/7
    51 | D:1      | Learned a level 2 spell: Song of Slaying
    54 | D:1      | Learned a level 2 spell: Shroud of Golubria
   196 | D:1      | Reached XP level 3. HP: 17/31 MP: 0/9
   256 | D:1      | Reached skill level 5 in Spellcasting
   312 | D:1      | Learned a level 3 spell: Regeneration
   448 | D:3      | Reached skill level 1 in Short Blades
   448 | D:3      | Reached skill level 1 in Axes
   448 | D:3      | Reached skill level 1 in Maces & Flails
   448 | D:3      | Reached skill level 1 in Polearms
   448 | D:3      | Reached skill level 1 in Staves
   448 | D:3      | Reached skill level 1 in Slings
   448 | D:3      | Reached skill level 1 in Bows
   448 | D:3      | Reached skill level 1 in Crossbows
   448 | D:3      | Reached skill level 1 in Throwing
   448 | D:3      | Reached skill level 1 in Stealth
   448 | D:3      | Reached skill level 1 in Shields
   448 | D:3      | Reached skill level 1 in Unarmed Combat
   448 | D:3      | Reached skill level 1 in Conjurations
   448 | D:3      | Reached skill level 1 in Hexes
   448 | D:3      | Reached skill level 1 in Summonings
   448 | D:3      | Reached skill level 1 in Necromancy
   448 | D:3      | Reached skill level 1 in Translocations
   448 | D:3      | Reached skill level 1 in Transmutations
   448 | D:3      | Reached skill level 1 in Fire Magic
   448 | D:3      | Reached skill level 1 in Ice Magic
   448 | D:3      | Reached skill level 1 in Air Magic
   448 | D:3      | Reached skill level 1 in Earth Magic
   448 | D:3      | Reached skill level 1 in Poison Magic
   448 | D:3      | Reached skill level 1 in Invocations
   448 | D:3      | Reached skill level 1 in Evocations
   448 | D:3      | Reached XP level 4. HP: 27/38 MP: 0/11
   589 | D:2      | Learned a level 3 spell: Spectral Weapon
   605 | D:2      | Found a blossoming altar of Fedhas.
   607 | D:2      | Found a shadowy altar of Dithmenos.
   949 | D:3      | Reached XP level 5. HP: 42/43 MP: 8/12
  1071 | D:5      | Entered Level 5 of the Dungeon
  1129 | D:4      | Reached skill level 3 in Armour
  1199 | D:4      | Found a stormy altar of Qazlal.
  1207 | D:4      | Noticed confidenceinterval's ghost (weakling TrFi)
  1299 | D:3      | Reached XP level 6. HP: 25/50 MP: 7/13
  1359 | D:4      | Reached skill level 5 in Fighting
  1359 | D:4      | Reached skill level 5 in Long Blades
  1359 | D:4      | Reached skill level 5 in Dodging
  1369 | D:4      | Slain by an ogre

Vault maps used:
D:1:      dpeg_arrival_tiny_k
D:2:      chequers_temple_overflow_statue_of_worship
D:4:      gammafunk_temple_overflow_arena, old_standard_altar,
          yredelemnul_altar_generic, first_bread, nicolae_ru_awakened_eye
D:5:      good_gods_temple_1, uniq_eustachio

Skill      XL: |  1  2  3  4  5  6 |
---------------+-------------------+-----
Spellcasting   | 5 |  5.3
Short Blades   | 1 |  1.9
Axes           | 1 |  1.9
Maces & Flails | 1 |  1.9
Polearms       | 1 |  1.9
Staves         | 1 |  1.9
Slings         | 1 |  1.9
Bows           | 1 |  1.9
Crossbows      | 1 |  1.9
Throwing       | 1 |  1.9
Stealth        | 1 |  1.9
Shields        | 1 |  1.9
Unarmed Combat | 1 |  1.9
Conjurations   | 1 |  1.9
Hexes          | 1 |  1.9
Summonings     | 1 |  1.9
Necromancy     | 1 |  1.9
Translocations | 1 |  1.9
Transmutations | 1 |  1.9
Fire Magic     | 1 |  1.9
Ice Magic      | 1 |  1.9
Air Magic      | 1 |  1.9
Earth Magic    | 1 |  1.9
Poison Magic   | 1 |  1.9
Invocations    | 1 |  1.9
Evocations     | 1 |  1.9
Armour         | 3 |  3.2
Fighting       | 5 |  5.0
Long Blades    | 5 |  5.0
Dodging        | 5 |  5.0
Charms         | |  6.8

Action                   |  1- 3 |  4- 6 || total
-------------------------+-------+-------++-------
Melee: Falchion          |    97 |   136 ||   233
       Bite              |     8 |    17 ||    25
 Cast: Infusion          |     8 |     3 ||    11
       Regeneration      |     1 |     1 ||     2
       Spectral Weapon   |       |     9 ||     9
       Shroud of Golubri |       |     3 ||     3
       Song of Slaying   |       |     3 ||     3
  Use: Potion            |       |     2 ||     2
 Stab: Distracted        |       |     2 ||     2
  Eat: Chunk             |       |     3 ||     3
Armor: Leather armour    |    18 |       ||    18
       Ring mail         |     9 |    48 ||    57
Dodge: Dodged            |    70 |   112 ||   182
       Rpst.: Falchion   |    14 |    28 ||    42

Table legend:
 A = Spawn XP
 B = Non-spawn XP
 C = Spawn XP percentage of total XP
 D = Spawn monster count
 E = Non-spawn monster count
 F = Spawn count percentage of total count
 G = Total turns spent on level
                    A         B        C        D         E        F      G
               +---------+---------+-------+---------+---------+-------+---------
         Total |       0 |     442 |   0.0 |       0 |      82 |   0.0 |  1369
               +---------+---------+-------+---------+---------+-------+---------
           D:1 |       0 |      42 |   0.0 |       0 |      23 |   0.0 |   316
           D:2 |       0 |      99 |   0.0 |       0 |      27 |   0.0 |   473
           D:3 |       0 |     126 |   0.0 |       0 |      23 |   0.0 |   398
           D:4 |       0 |     173 |   0.0 |       0 |       8 |   0.0 |   173
           D:5 |       0 |       2 |   0.0 |       0 |       1 |   0.0 |     9
               +---------+---------+-------+---------+---------+-------+---------

Table legend:
 A = Turns spent in this place as a percentage of turns spent in the entire game.
 B = Non-inter-level travel turns spent in this place as a percentage of non-inter-level travel turns spent in the entire game.
 C = Inter-level travel turns spent in this place as a percentage of turns spent in this place.
 D = Turns resting spent in this place as a percentage of non-inter-level travel turns spent in this place.
 E = Turns spent auto-exploring this place as a percentage of non-inter-level travel turns spent in this place.
 F = Non-inter-level travel turns spent in this place divided by the number of levels of this place that you've seen.
                   A       B       C       D       E      F
               +-------+-------+-------+-------+-------+----------------------
         Total | 100.0 | 100.0 |   1.5 |   0.0 |   0.0 | 269.8
       Dungeon | 100.0 | 100.0 |   1.5 |   0.0 |   0.0 | 269.8
               +-------+-------+-------+-------+-------+----------------------

Table legend:
 A = Kills in this place as a percentage of kills in entire the game.
 B = Kills by you in this place as a percentage of kills by you in the entire game.
 C = Kills by friends in this place as a percentage of kills by friends in the entire game.
 D = Other kills in this place as a percentage of other kills in the entire game.
 E = Experience gained in this place as a percentage of experience gained in the entire game.
 F = Experience gained in this place divided by the number of levels of this place that you have seen.
                   A       B       C       D       E      F
               +-------+-------+-------+-------+-------+----------------------
         Total | 100.0 | 100.0 |   N/A |   N/A | 100.0 |  88.4
       Dungeon | 100.0 | 100.0 |   N/A |   N/A | 100.0 |  88.4
               +-------+-------+-------+-------+-------+----------------------

Vault maps used:
D:1:      dpeg_arrival_tiny_k
D:2:      chequers_temple_overflow_statue_of_worship
D:4:      gammafunk_temple_overflow_arena, old_standard_altar,
          yredelemnul_altar_generic, first_bread, nicolae_ru_awakened_eye
D:5:      good_gods_temple_1, uniq_eustachio
